 Dungeon Crawl Stone Soup version 0.28-a0-32-g8dfe7f97f6 (webtiles) character file.

Game seed: 2807985168826272360

900 Zonian the Conjurer (level 8, -6/57 HPs)
             Began as a Gnoll Conjurer on July 28, 2021.
             Was an Initiate of Hepliaklqana.
             Mangled by a troll (14 damage)
             ... on level 5 of the Dungeon.
             The game lasted 00:09:27 (8463 turns).

Zonian the Conjurer (Gnoll Conjurer)                Turns: 8463, Time: 00:09:27

Health: -6/57      AC:  6    Str:  7    XL:     8   Next: 7%
Magic:  16/16      EV: 13    Int: 19    God:    Hepliaklqana [......]
Gold:   192        SH:  0    Dex: 11    Spells: 15/18 levels left

rFire   . . .      SeeInvis .   k - +2 short sword (flame)
rCold   . . .      Faith    .   (no shield)
rNeg    . . .      Spirit   .   a - +1 robe
rPois   .          Reflect  .   r - +2 helmet
rElec   .          Harm     .   (no cloak)
rCorr   .          Rampage  .   (no gloves)
Will    .....                   (no boots)
Stlth   +++.......              (no amulet)
HPRegen 0.19/turn               (no ring)
MPRegen 0.15/turn               (no ring)

@: about to teleport
A: fangs 1, strong nose, distributed training
a: Renounce Religion


You were on level 5 of the Dungeon.
You worshipped Hepliaklqana.
Hepliaklqana was noncommittal.
You visited 1 branch of the dungeon, and saw 6 of its levels.

You collected 192 gold pieces.

Inventory:

Hand Weapons
 e - a +0 dagger
 k - a +2 short sword of flaming (weapon)
 m - a +0 war axe
 o - a +0 hunting sling
 t - a +0 rapier of distortion
Missiles
 l - 2 javelins
Armour
 a - a +1 robe (worn)
 j - a +0 scale mail
 r - a +2 helmet (worn)
Magical Staves
 q - a staff of poison
Wands
 s - a wand of paralysis (3)
Scrolls
 b - a scroll of fog
 h - 2 scrolls of magic mapping
 n - a scroll of teleportation
Potions
 c - 3 potions of attraction {unknown}
 d - a potion of haste {unknown}
 f - 3 potions of might
 g - a potion of heal wounds
 p - a potion of berserk rage {unknown}


   Skills:
 + Level 2.9 Fighting
 + Level 2.9 Short Blades
 + Level 2.9 Long Blades
 + Level 2.9 Axes
 + Level 2.9 Maces & Flails
 + Level 2.9 Polearms
 + Level 2.9 Staves
 + Level 2.9 Slings
 + Level 2.9 Bows
 + Level 2.9 Crossbows
 + Level 2.9 Throwing
 + Level 2.9 Armour
 + Level 5.4 Dodging
 + Level 5.1 Stealth
 + Level 2.9 Shields
 + Level 2.9 Unarmed Combat
 + Level 5.8 Spellcasting
 + Level 7.5 Conjurations
 + Level 2.3 Hexes
 + Level 2.3 Summonings
 + Level 2.3 Necromancy
 + Level 2.3 Translocations
 + Level 2.3 Transmutations
 + Level 2.3 Fire Magic
 + Level 2.3 Ice Magic
 + Level 2.3 Air Magic
 + Level 2.3 Earth Magic
 + Level 2.3 Poison Magic
 + Level 3.2 Invocations
 + Level 2.9 Evocations


You had 15 spell levels left.
You knew the following spells:

 Your Spells              Type           Power      Damage    Failure   Level
a - Magic Dart            Conj           100%       1d8       1%          1
b - Searing Ray           Conj           68%        3d5       1%          2

Your spell library contained the following spells:

 Spells                   Type           Power      Damage    Failure   Level
 Summon Small Mammal      Summ           56%        N/A       4%          1
 Dazzling Flash           Conj/Hex       48%        N/A       4%          3
 Call Canine Familiar     Summ           14%        N/A       13%         3
 Summon Guardian Golem    Hex/Summ       14%        N/A       13%         3
 Fulminant Prism          Conj/Hex       12%        3d9       14%         4
 Iskenderun's Mystic Bla  Conj/Tloc      24%        2d7       14%         4


Dungeon Overview and Level Annotations

Branches:
Dungeon (6/15)             Temple (0/1) D:6

Altars:
Hepliaklqana
Yredelemnul


Innate Abilities, Weirdness & Mutations

You have very sharp teeth.
Your uncanny sense of smell can sniff out nearby items.
Your experience applies equally to all skills.


Message History

You start resting.
HP restored.
You start waiting.
Done waiting.
Unknown command.
You climb downwards.
An orc warrior comes into view. It is wielding a +0 battleaxe.
The centaur shoots an arrow.
The arrow hits you.
An orc comes into view. It is wielding a +0 hand axe.
An ogre comes into view. It is wielding a +0 giant club.
The centaur shoots an arrow.
The arrow closely misses you.
An orc comes into view. It is wielding a +0 club.
The troll barely misses you. The troll closely misses you.
The troll claws you but does no damage.
There is a stone staircase leading up, spattered with blood here.
Unknown command.
The centaur shoots an arrow.
The arrow hits you! The troll bites you.
The troll claws you. x2; The centaur shoots an arrow.
The arrow hits you.
The orc shouts!
You climb upwards.
There is a stone staircase leading down here.
Unknown command.
Okay, then.
As you read the scroll of summoning, it crumbles to dust.
Wisps of shadow whirl around you... The troll bites you!
* * * LOW HITPOINT WARNING * * *
The troll misses you. The troll barely misses you.
The troll barely misses you. x2; The troll claws you!
* * * LOW HITPOINT WARNING * * *
Your quokka bites the troll.
You feel much better. The troll bites you!
* * * LOW HITPOINT WARNING * * *
The troll barely misses you. The troll claws you!
* * * LOW HITPOINT WARNING * * *
Your quokka bites the troll.
Your hound bites the troll.
Your quokka closely misses the troll.
Your hound bites the troll.
As you read the scroll of teleportation, it crumbles to dust.
You feel strangely unstable.
Your hound closely misses the troll.
The troll bites you!
You die...

#.# ##..###..# ##.# #.# #.####
##..##.## #..# #.#
#....#####...## #..### #.#
....(..###...# ###....### #.#
##.##...##.>.## ###........####..
.#.#..#...#...###.....####.......
.....##..###..r#......# ###...##
.._......# ##.hT.....## ######
.....##..# ##..@....# #
.#.#..#..# #..(..<.## #
##.##...######........# #
...........(..........# #
##...............>....###### #
##..########...#####.......## #
##..# ##### ###......# # ##..#
#....>## # ##.## ##..###


You could see a troll (ally target), a friendly hound (summoned) and a friendly
quokka (summoned).

Vanquished Creatures
  Grinder (D:3)
  Eustachio (D:5)
  An ogre (D:5)
  A bullfrog (D:5)
  A scorpion (D:4)
  A water moccasin skeleton (D:5)
  A howler monkey (D:4)
  A jelly (D:5)
  A centaur skeleton (D:5)
  Ijyb (D:5)
  3 gnolls (D:4)
  9 adders
  4 dart slugs
  7 orcs
  10 ball pythons
  11 endoplasms
  4 giant cockroaches
  3 goblins
  5 hobgoblins
  8 jackals (D:1)
  4 quokkas
  4 bats
  4 frilled lizards
  6 kobolds
  6 rats
98 creatures vanquished.

Notes
Turn   | Place    | Note
-------+----------+-------------------------------------------
     0 | D:1      | Zonian the Gnoll Conjurer began the quest for the Orb.
     0 | D:1      | Reached XP level 1. HP: 13/13 MP: 6/6
    85 | D:1      | Reached XP level 2. HP: 9/19 MP: 0/7
  1027 | D:1      | Reached XP level 3. HP: 25/25 MP: 3/9
  1054 | D:1      | Reached skill level 5 in Spellcasting
  1154 | D:1      | Learned a level 2 spell: Searing Ray
  1742 | D:2      | Reached skill level 1 in Invocations
  1785 | D:2      | Found a basalt altar of Yredelemnul.
  1867 | D:2      | Reached skill level 1 in Fighting
  1867 | D:2      | Reached skill level 1 in Short Blades
  1867 | D:2      | Reached skill level 1 in Long Blades
  1867 | D:2      | Reached skill level 1 in Axes
  1867 | D:2      | Reached skill level 1 in Maces & Flails
  1867 | D:2      | Reached skill level 1 in Polearms
  1867 | D:2      | Reached skill level 1 in Staves
  1867 | D:2      | Reached skill level 1 in Slings
  1867 | D:2      | Reached skill level 1 in Bows
  1867 | D:2      | Reached skill level 1 in Crossbows
  1867 | D:2      | Reached skill level 1 in Throwing
  1867 | D:2      | Reached skill level 1 in Armour
  1867 | D:2      | Reached skill level 1 in Shields
  1867 | D:2      | Reached skill level 1 in Unarmed Combat
  1867 | D:2      | Reached skill level 1 in Evocations
  2236 | D:2      | Reached XP level 4. HP: 32/32 MP: 6/11
  3355 | D:3      | Reached skill level 1 in Hexes
  3355 | D:3      | Reached skill level 1 in Summonings
  3355 | D:3      | Reached skill level 1 in Necromancy
  3355 | D:3      | Reached skill level 1 in Translocations
  3355 | D:3      | Reached skill level 1 in Transmutations
  3355 | D:3      | Reached skill level 1 in Fire Magic
  3355 | D:3      | Reached skill level 1 in Ice Magic
  3355 | D:3      | Reached skill level 1 in Air Magic
  3355 | D:3      | Reached skill level 1 in Earth Magic
  3355 | D:3      | Reached skill level 1 in Poison Magic
  4001 | D:3      | Reached XP level 5. HP: 37/37 MP: 6/12
  4516 | D:3      | Noticed Grinder
  4520 | D:3      | Paralysed by Grinder for 3 turns
  4533 | D:3      | Paralysed by Grinder for 2 turns
  4538 | D:3      | Killed Grinder
  4539 | D:3      | Reached skill level 5 in Dodging
  4539 | D:3      | Reached XP level 6. HP: 16/44 MP: 1/14
  5719 | D:4      | Reached XP level 7. HP: 50/50 MP: 10/15
  6360 | D:5      | Entered Level 5 of the Dungeon
  7349 | D:5      | Found a hazy altar of Hepliaklqana.
  7364 | D:5      | Became a worshipper of Hepliaklqana the Forgotten
  7531 | D:5      | Noticed Ijyb
  7536 | D:5      | Paralysed by Ijyb for 5 turns
  7544 | D:5      | Killed Ijyb
  7545 | D:5      | Reached skill level 5 in Stealth
  7646 | D:5      | Noticed Eustachio
  7719 | D:5      | Killed Eustachio
  7720 | D:5      | Reached XP level 8. HP: 56/57 MP: 13/16
  8320 | D:6      | Found a staircase to the Ecumenical Temple.
  8320 | D:6      | Noticed a troll
  8460 | D:5      | HP: 1/57 [troll (11)]
  8463 | D:5      | Mangled by a troll

Illustrated notes

Levels and vault maps discovered:
D:1:      mrwooster_arrival_statue_2, layout_basic
D:2:      layout_basic, basic_altar
D:3:      layout_basic, uniq_grinder
D:4:      layout_basic, minivault_25
D:5:      layout_layer_cave, mainiacjoe_overflow_small_starburst,
          uniq_eustachio, uniq_ijyb
D:6:      layout_rooms, minmay_temple_entry_glass

Skill      XL: |  1  2  3  4  5  6  7 |
---------------+----------------------+-----
Spellcasting   | 5 |  5.8
Invocations    | 1 2 3 |  3.2
Fighting       | 1 2 |  2.9
Short Blades   | 1 2 |  2.9
Long Blades    | 1 2 |  2.9
Axes           | 1 2 |  2.9
Maces & Flails | 1 2 |  2.9
Polearms       | 1 2 |  2.9
Staves         | 1 2 |  2.9
Slings         | 1 2 |  2.9
Bows           | 1 2 |  2.9
Crossbows      | 1 2 |  2.9
Throwing       | 1 2 |  2.9
Armour         | 1 2 |  2.9
Shields        | 1 2 |  2.9
Unarmed Combat | 1 2 |  2.9
Evocations     | 1 2 |  2.9
Hexes          | 1 2 |  2.3
Summonings     | 1 2 |  2.3
Necromancy     | 1 2 |  2.3
Translocations | 1 2 |  2.3
Transmutations | 1 2 |  2.3
Fire Magic     | 1 2 |  2.3
Ice Magic      | 1 2 |  2.3
Air Magic      | 1 2 |  2.3
Earth Magic    | 1 2 |  2.3
Poison Magic   | 1 2 |  2.3
Dodging        | 5 |  5.4
Stealth        | 5 |  5.1
Conjurations   | |  7.5

Action                   |  1- 3 |  4- 6 |  7- 9 || total
-------------------------+-------+-------+-------++-------
Melee: Unarmed           |    34 |       |       ||    34
       Bite              |     1 |       |       ||     1
       Short sword       |       |    12 |     4 ||    16
 Cast: Magic Dart        |    75 |    63 |    57 ||   195
       Searing Ray       |       |     5 |     5 ||    10
  Use: Scroll            |     1 |     9 |     4 ||    14
       Potion            |       |       |     1 ||     1
 Stab: Sleeping          |       |       |     1 ||     1
Armor: Robe              |     5 |     3 |     3 ||    11
Dodge: Dodged            |    31 |    13 |    16 ||    60

Table legend: (Time is in decaauts)
 A = Elapsed time spent in this place.
 B = Non-inter-level travel time spent in this place.
 C = Inter-level travel time spent in this place.
 D = Time resting spent in this place.
 E = Time spent auto-exploring this place.
 F = Levels seen in this place.
 G = Mean time per level.
                   A        B        C        D        E       F      G
               +--------+--------+--------+--------+--------+-----+--------+
         Total |   8462 |   8176 |    286 |   3643 |   3797 |   6 | 1410.3 |
       Dungeon |   8462 |   8176 |    286 |   3643 |   3797 |   6 | 1410.3 |
               +--------+--------+--------+--------+--------+-----+--------+

Top non-repeatable levels by time:
     D:5: 2099 daAuts
     D:3: 1879 daAuts
     D:1: 1692 daAuts
     D:2: 1410 daAuts
     D:4: 1375 daAuts
     D:6: 4 daAuts
